 Dungeon Crawl Stone Soup version 0.17.0-28-g6e173f8 (webtiles) character file.

46 gorblad the Shooter (level 3, -1/29 HPs)
             Began as a Centaur Hunter on Dec 3, 2015.
             Slain by Robin
             ... wielding a +0 spear
              (4 damage)
             ... on level 2 of the Dungeon.
             The game lasted 00:04:46 (1336 turns).

gorblad the Shooter (Centaur Hunter)                Turns: 1336, Time: 00:04:47

Health: -1/29      AC:  4    Str: 14    XL:     3   Next: 46%
Magic:  3/3        EV: 14    Int: 10    God:
Gold:   78         SH:  0    Dex: 15    Spells: 0 memorised, 2 levels left

rFire  . . .     SeeInvis .     b - +0 short sword
rCold  . . .     Clarity  .     c - +0 leather armour
rNeg   + . .     SustAt   .     (no shield)
rPois  .         Gourm    .     (no helmet)
rElec  .         Spirit   .     (no cloak)
rCorr  .         Warding  .     (no gloves)
rMut   .         Stasis   .     (no barding)
MR     .....                    (no amulet)
Stlth  ++........               (no ring)
                                j - ring of positive energy

@: agile, very slightly contaminated, invisible, very quick, not resistant to
hostile enchantments, unstealthy
A: hooves 3, deformed body, speed 2, tough skin 3
a: no special abilities


You were on level 2 of the Dungeon.
You were not hungry.

You visited 1 branch of the dungeon, and saw 2 of its levels.

You collected 78 gold pieces.

Inventory:

Hand Weapons
 a - a +1 shortbow
 b - a +0 short sword (weapon)
Armour
 c - a +0 leather armour (worn)
Jewellery
 j - a ring of positive energy (left hand)
 p - a +4 ring of intelligence {unknown}
 q - an uncursed amulet of rage {unknown}
Wands
 u - a wand of magic darts (23)
Scrolls
 f - a scroll of immolation {unknown}
 k - a scroll of amnesia {unknown}
 m - a scroll of remove curse {unknown}
 n - a scroll of teleportation {unknown}
 o - a scroll of identify {unknown}
 v - a scroll of enchant weapon {unknown}
Potions
 g - a potion of ambrosia {unknown}
 r - a potion of agility
 s - a potion of invisibility
Comestibles
 e - a bread ration
 h - 2 meat rations
 i - 4 chunks of flesh
 l - 2 beef jerkies
 t - a slice of pizza


   Skills:
 - Level 2.0 Fighting
 + Level 7.0 Bows
 - Level 1.3 Dodging
 - Level 0.5 Stealth


You had 2 spell levels left.
You didn't know any spells.

Dungeon Overview and Level Annotations

Branches:
Dungeon (2/15)

Altars:
Zin

Annotations:
D:2 Robin


Innate Abilities, Weirdness & Mutations

You have hooves in place of feet.
Armour fits poorly on your strangely shaped body.
You cover ground very quickly.
You have extremely tough skin (AC +3).


Message History

Robin hits you from afar with a spear.
* * * LOW HITPOINT WARNING * * *
The hobgoblin barely misses you.
Drink which item? (? for menu, Esc to quit)
It was a potion of invisibility.
You fade into invisibility!
Robin hits you from afar with a spear.
* * * LOW HITPOINT WARNING * * *
The hobgoblin closely misses you.
You are very lightly contaminated with residual magic.
Drink which item? (? for menu, Esc to quit)
It was a potion of agility.
You feel agile all of a sudden. Robin completely misses you.
The hobgoblin barely misses you.
You catch the helpless hobgoblin completely off-guard!
You hit the hobgoblin. Your kick misses the hobgoblin.
The hobgoblin is almost dead.
Robin says, "My army is invincible!"
Robin hits you from afar with a spear.
You die...

#.## #..## ..... #...#
... #.#.## .). #.#(.##
... ### #.##..### #g#
##.# ## #.###...# #g#
##..# ##8## #.# ###.#
#g# #...##8...8 #.# #.##
#@# #...##..... #.#
#..### #)# #...#_.....
##.#
##...###(#####...##.....
##..###
###...#.##....).#
......# ###...#..###<.#
......## ##....#
##.####### .....<.#
#.....### #...#.#.#
.......# #.##...#
#.###...## .......# #.
#..#.######.........


You could see Robin and 2 hobgoblins.

Vanquished Creatures
  3 giant geckos (D:1)
  A bat (D:1)
  15 goblins
  8 hobgoblins
  2 jackals (D:1)
  5 kobolds (D:1)
  2 giant newts
  4 rats (D:1)
40 creatures vanquished.

Notes
Turn   | Place    | Note
--------------------------------------------------------------
     0 | D:1      | gorblad the Centaur Hunter began the quest for the Orb.
     0 | D:1      | Reached XP level 1. HP: 17/17 MP: 1/1
   193 | D:1      | Reached XP level 2. HP: 24/24 MP: 2/2
   204 | D:1      | Reached skill level 6 in Bows
   737 | D:1      | Reached XP level 3. HP: 29/29 MP: 3/3
  1109 | D:2      | Found a glowing silver altar of Zin.
  1301 | D:2      | Noticed Robin
  1333 | D:2      | Reached skill level 7 in Bows
  1336 | D:2      | Slain by Robin

Action                   || total
-------------------------++-------
Melee: Short sword       ||    24
 Fire: Shortbow          ||    89
  Use: Potion            ||     2
 Stab: Invisible         ||     1
